 Dungeon Crawl Stone Soup version 0.30-a0-219-gf2db51d15e (webtiles) character file.

Game seed: 9402516905327051823

8 sleeves the Shield-Bearer (level 2, -1/16 HPs)
             Began as a Vine Stalker Fighter on Oct 7, 2022.
             Slain by a kobold
             ... wielding a +1 whip of electrocution
              (2 damage)
             ... on level 1 of the Dungeon.
             The game lasted 00:00:12 (211 turns).

sleeves the Shield-Bearer (Vine Stalker Fighter)     Turns: 211, Time: 00:00:12

Health: -1/16      AC:  6    Str: 18    XL:     2   Next: 8%
Magic:  0/3        EV:  6    Int:  8    God:
Gold:   25         SH:  4    Dex: 13    Spells: 1/1 levels left

rFire   . . .      SeeInvis .    a - +0 flail
rCold   . . .      Faith    .    c - +0 buckler
rNeg    . . .      Spirit   +    b - +0 scale mail
rPois   .          Reflect  .    (no helmet)
rElec   .          Harm     .    (no cloak)
rCorr   .          Rampage  .    (no gloves)
Will    .....                    (no boots)
Stlth   ..........               (no amulet)
HPRegen 0.22/turn                (no ring)
MPRegen 0.08/turn                (no ring)

@: constricted
A: fangs 2, magic shield, antimagic bite, no potion heal 2
a: no special abilities


You were on level 1 of the Dungeon.
You visited 1 branch of the dungeon, and saw 1 of its levels.

You collected 25 gold pieces.

Inventory:

Hand Weapons
 a - a +0 flail (weapon)
Armour
 b - a +0 scale mail (worn)
 c - a +0 buckler (worn)
Scrolls
 h - a scroll of acquirement {unknown}
Potions
 d - a potion of might
 e - a potion of haste {unknown}
 f - a potion of degeneration {unknown}
 g - a potion of magic {unknown}


   Skills:
 - Level 2.6 Fighting
 + Level 2.5 Maces & Flails
 - Level 2.4 Armour
 - Level 2.6 Shields


You had one spell level left.
You didn't know any spells.
Your spell library was empty.

Dungeon Overview and Level Annotations

Branches:
Dungeon (1/15)

Altars:


Innate Abilities, Weirdness & Mutations

You have extremely sharp teeth.
When hurt, damage is shared between your health and your magic reserves.
Your bite disrupts and absorbs the magic of your enemies.
Potions cannot restore your health.


Message History

Welcome, sleeves the Vine Stalker Fighter.
Are you destined to find the terrific Orb of Zot, or to die trying?
Press ? for a list of commands and other information.
Found a staircase leading out of the dungeon.
You open the door.
There is an open door here.
e - a fuming inky potion You open the door.
A bat comes into view.
A bat is nearby!
Found a stone staircase leading down.
The bat hits you but does no damage.
There is an open door here.
The bat hits you but does no damage.
You hit the bat.
You kill the bat!
No target in view!
No target in view!
No target in view!
No target in view!
No target in view!
No target in view!
A giant cockroach comes into view.
A giant cockroach is nearby!
A giant cockroach is nearby!
The giant cockroach barely misses you.
The giant cockroach bites you but does no damage.
You hit the giant cockroach.
The giant cockroach is heavily wounded.
The giant cockroach bites you but does no damage.
You hit the giant cockroach. You bite the giant cockroach. You drain its power.
The giant cockroach is almost dead.
You block the giant cockroach's attack. The giant cockroach closely misses you.
You closely miss the giant cockroach. Your bite misses the giant cockroach.
The giant cockroach is severely wounded.
The giant cockroach barely misses you.
The giant cockroach bites you but does no damage.
You barely miss the giant cockroach. You bite the giant cockroach.
You kill the giant cockroach!
Your Maces & Flails skill increases to level 2!
No target in view!
No target in view!
No target in view!
You now have 12 gold pieces.
A ball python comes into view.
Found a fizzy amethyst potion.
The ball python hisses angrily.
A ball python is nearby!
A ball python is nearby!
You hit the ball python.
You kill the ball python!
No target in view!
No target in view!
No target in view!
No target in view!
No target in view!
No target in view!
No target in view!
f - a fizzy amethyst potion You open the door.
There is an open door here.
You open the door.
There is an open door here.
You open the door.
There is an open door here.
You now have 25 gold pieces (gained 13).
Found a club.
An endoplasm, a bat and a rat come into view.
The endoplasm quivers.
You see here a blue potion.
A goblin comes into view. It is wielding a +0 club.
Found a scroll labelled NADUPY YHE XIV.
The goblin shouts!
The goblin barely misses you. The bat closely misses you.
You closely miss the rat. You bite the rat.
You kill the rat!
The bat hits you but does no damage. The bat barely misses you.
The goblin barely misses you.
You completely miss the goblin. You bite the goblin. You drain its power.
The goblin is heavily wounded.
The bat hits you but does no damage. The goblin barely misses you.
You hit the goblin.
You kill the goblin!
The bat barely misses you.
You hit the endoplasm but do no damage. The bat barely misses you.
The endoplasm completely misses you. You block the bat's attack.
The endoplasm closely misses you.
You hit the bat.
You kill the bat!
The endoplasm hits you but does no damage.
You barely miss the endoplasm. The endoplasm freezes you.
You are frozen.
You barely miss the endoplasm. You bite the endoplasm. You drain its power.
The endoplasm is severely wounded.
The endoplasm barely misses you. You block the endoplasm's attack.
You hit the endoplasm.
You kill the endoplasm!
You have reached level 2!
HP restored.
g - a blue potion
Things that are here:
a +0 club; a goblin corpse
h - a scroll labelled NADUPY YHE XIV No target in view!
No target in view!
No target in view!
No target in view!
No target in view!
No target in view!
No target in view!
No target in view!
You open the door.
There is an open door here.
You open the door.
A ball python comes into view.
The ball python hisses angrily.
The ball python bites you but does no damage.
The ball python barely misses you.
There is an open door here.
A ball python is nearby!
A ball python is nearby!
You hit the ball python.
You kill the ball python!
No target in view!
No target in view!
No target in view!
No target in view!
No target in view!
No target in view!
A kobold comes into view.
It is wielding a +1 whip of electrocution.
Found a glowing yellow potion.
The kobold shouts!
You hear an angry hiss.
A ball python comes into view.
There are monsters nearby!
There are monsters nearby!
The ball python misses you. The ball python grabs you.
The ball python constricts you.
The kobold hits you with a +1 whip of electrocution.
You are electrocuted!
Ouch! That really hurt!
* * * LOW HITPOINT WARNING * * *
You are too injured to fight recklessly!
You are too injured to fight recklessly!
You are too injured to fight recklessly!
You are too injured to fight recklessly!
You are too injured to fight recklessly!
You are too injured to fight recklessly!
You are too injured to fight recklessly!
You are too injured to fight recklessly!
You are too injured to fight recklessly!
You are too injured to fight recklessly!
You are too injured to fight recklessly!
You are too injured to fight recklessly!
You are too injured to fight recklessly!
You are too injured to fight recklessly!
You are too injured to fight recklessly!
You are too injured to fight recklessly!
Okay, then.
You barely miss the kobold. You bite the kobold, but do no damage.
The ball python bites you.
* * * LOW HITPOINT WARNING * * *
The ball python constricts you.
* * * LOW HITPOINT WARNING * * *
The kobold completely misses you.
A rat comes into view.
The ball python bites you but does no damage.
The ball python constricts you.
You barely miss the kobold. You bite the kobold, but do no damage.
The kobold hits you with a +1 whip of electrocution.
You die...

....................
...............######...
.....#####..........+...
.........#..........#...
...!.....#..........+)..
#........#.....#....#...
#..............+........
#............###........
......S@.......+........
......K....#.###.....#..
...........+............
#..........#............
r......#............#...
.......#................
........................
......####..............
###..............


You could see a ball python, a kobold and a rat.

Vanquished Creatures
  2 bats (D:1)
  An endoplasm (D:1)
  A giant cockroach (D:1)
  A goblin (D:1)
  2 ball pythons (D:1)
  A rat (D:1)
8 creatures vanquished.

Notes
Turn   | Place    | Note
-------+----------+-------------------------------------------
     0 | D:1      | sleeves the Vine Stalker Fighter began the quest for the
                  | Orb.
     0 | D:1      | Reached XP level 1. HP: 11/11 MP: 2/2
    38 | D:1      | Reached skill level 2 in Maces & Flails
   141 | D:1      | Reached XP level 2. HP: 13/16 MP: 3/3
   209 | D:1      | HP: 3/16 [kobold/+1 whip of electrocution (12)]
   210 | D:1      | HP: 1/16 [constriction (1)]
   211 | D:1      | Slain by a kobold

Illustrated notes

Levels and vault maps discovered:
D:1:      dpeg_arrival_renting, layout_basic,
          hellmonk_ecumenical_altar_heavens_door

Skill      XL: |  1 |
---------------+----+-----
Maces & Flails | 2 |  2.5
Fighting       | |  2.6
Armour         | |  2.4
Shields        | |  2.6

Action                   || total
-------------------------++-------
Melee: Flail             ||    17
       Bite              ||     7
Armor: Scale mail        ||    10
Dodge: Dodged            ||    16
Block: Buckler           ||     3

Table legend: (Time is in decaauts)
 A = Elapsed time spent in this place.
 B = Non-inter-level travel time spent in this place.
 C = Inter-level travel time spent in this place.
 D = Time resting spent in this place.
 E = Time spent auto-exploring this place.
 F = Levels seen in this place.
 G = Mean time per level.
                   A        B        C        D        E       F      G
               +--------+--------+--------+--------+--------+-----+--------+
         Total |    215 |    215 |      0 |      0 |    173 |   1 |  215.0 |
       Dungeon |    215 |    215 |      0 |      0 |    173 |   1 |  215.0 |
               +--------+--------+--------+--------+--------+-----+--------+

Top non-repeatable levels by time:
     D:1: 215 daAuts
